 Dungeon Crawl Stone Soup version 0.21.1-1-g345015f (webtiles) character file.

1036 Econoterrorist the Slicer (level 8, -2/73 HPs)
             Began as a Kobold Berserker on July 19, 2018.
             Was a Priest of Trog.
             Killed from afar by an electric eel (12 damage)
             ... with a bolt of electricity
             ... on level 5 of the Dungeon.
             The game lasted 00:10:10 (4142 turns).

Econoterrorist the Slicer (Kobold Berserker)        Turns: 4142, Time: 00:10:11

Health: -2/73      AC:  9    Str: 21    XL:     8   Next: 48%
Magic:  8/8        EV: 15    Int:  8    God:    Trog [***...]
Gold:   195        SH:  2    Dex: 15    Spells: 7/7 levels left

rFire    . . .     SeeInvis .   a - +0 short sword
rCold    . . .     Gourm    .   (shield restricted)
rNeg     + . .     Faith    .   u - +0 scale mail (curse)
rPois    .         Spirit   .   (no helmet)
rElec    .         Reflect  +   h - scarf {cloud immunity}
rCorr    .         Harm     .   m - +0 pair of gloves
MR       .....                  g - +0 pair of boots
Stlth    ..........             t - +2 amulet of reflection
HPRegen  0.22/turn              d - ring of positive energy
MPRegen  0.11/turn              k - ring of stealth

@: berserking, very quick
A: small, carnivore
a: Berserk, Trog's Hand, Burn Spellbooks, Renounce Religion


You were on level 5 of the Dungeon.
You worshipped Trog.
Trog was most pleased with you.
You were full.

You visited 1 branch of the dungeon, and saw 5 of its levels.

You collected 195 gold pieces.

Inventory:

Hand Weapons
 a - a +0 short sword (weapon)
Armour
 g - a +0 pair of boots (worn)
 h - a scarf of cloud immunity (worn)
 m - a +0 pair of gloves (worn)
 u - a cursed +0 scale mail (worn)
Jewellery
 d - a ring of positive energy (left hand)
 k - a ring of stealth (right hand)
 t - a +2 amulet of reflection (around neck)
Wands
 n - a wand of flame (30)
Scrolls
 b - 4 scrolls of identify
 e - a scroll of amnesia {unknown}
 i - a scroll of enchant armour
 j - 2 scrolls of remove curse {unknown}
 l - 2 scrolls of immolation {unknown}
 q - a scroll of blinking {unknown}
 s - a scroll of magic mapping {unknown}
Potions
 f - a potion of curing
 o - a potion of haste
 p - a potion of might
 r - a potion of heal wounds {unknown}
Comestibles
 c - 9 rations


   Skills:
 + Level 5.2 Fighting
 + Level 9.6 Short Blades
 + Level 3.4 Armour
 + Level 5.0 Dodging


You had 7 spell levels left.
You didn't know any spells.

Dungeon Overview and Level Annotations

Branches:
Dungeon (5/15)
 Temple: D:4-7

Altars:
Yredelemnul

Annotations:
D:4 1 runed door


Innate Abilities, Weirdness & Mutations

You are small and have problems with some larger weapons.
You are carnivorous and can eat meat at any time.


Message History

n - a wand of flame (30)
You hit the plant but do no damage. You open the door.
The electric eel shoots out a bolt of lightning at you!
The bolt of electricity misses you. x2; The bolt of electricity hits the plant.
The electric eel shoots out a bolt of lightning at you!
The bolt of electricity hits you! x2
There is an open door here.
The electric eel shoots out a bolt of lightning at you!
The bolt of electricity misses you. The bolt of electricity hits you!
A red film seems to cover your vision as you go berserk!
You feel yourself moving faster!
You feel mighty!
You feel a lot less full.
The electric eel shoots out a bolt of lightning at you!
The bolt of electricity hits you!
* * * LOW HITPOINT WARNING * * *
The electric eel shoots out a bolt of lightning at you!
The bolt of electricity hits you!
* * * LOW HITPOINT WARNING * * *
The bolt of electricity hits you!
You die...

#.# #.#
#############.#
..............##
############...#
#≈≈≈≈≈;;#P8#.#.#
#PP≈≈≈.@#..#...#####
+≈≈≈⌠≈..'.©#©...)..#
#PP≈≈≈..#..#....##.#
#≈≈≈≈≈≈≈#P8#....#<.#
############..#.#..#
..............#.#..#
.........###..#.#.##
########.. .....###
##.#......


You could see 2 electric eels.

Vanquished Creatures
  Pikel (D:4)
  The ghost of HoboKiller the Digger, an amateur GrEE (D:3)
  A phantom (D:4)
  An ogre (D:4)
  A scorpion (D:4)
  2 orc priests (D:4)
  A hound (D:4)
  A worker ant (D:4)
  6 adders
  2 oozes (D:3)
  An adder skeleton (D:4)
  A worm (D:4)
  3 dart slugs
  3 leopard geckos
  5 orcs
  3 giant cockroaches
  8 goblins
  12 hobgoblins
  2 jackals (D:3)
  3 bats
  9 frilled lizards
  A jackal zombie (D:4)
  9 kobolds
  A kobold skeleton (D:4)
  5 rats
83 creatures vanquished.

Notes
Turn   | Place    | Note
-------+----------+-------------------------------------------
     0 | D:1      | Econoterrorist the Kobold Berserker began the quest for the Orb.
     0 | D:1      | Reached XP level 1. HP: 14/14 MP: 1/1
    99 | D:1      | Reached XP level 2. HP: 19/19 MP: 2/2
   157 | D:1      | Reached skill level 5 in Short Blades
   695 | D:1      | Reached XP level 3. HP: 22/23 MP: 3/3
  1120 | D:2      | Reached skill level 6 in Short Blades
  1554 | D:2      | Reached XP level 4. HP: 28/28 MP: 4/4
  1646 | D:2      | Reached ** piety under Trog
  2265 | D:3      | Reached skill level 7 in Short Blades
  2273 | D:3      | Noticed HoboKiller's ghost (amateur GrEE)
  2274 | D:3      | Reached XP level 5. HP: 30/32 MP: 5/5
  2292 | D:3      | Killed HoboKiller's ghost
  2292 | D:3      | Reached skill level 8 in Short Blades
  2292 | D:3      | Reached XP level 6. HP: 37/37 MP: 6/6
  3114 | D:4      | Found a runed door.
  3114 | D:4      | Noticed a human
  3120 | D:4      | Found a basalt altar of Yredelemnul.
  3281 | D:4      | Noticed an ogre
  3288 | D:4      | Killed an ogre
  3352 | D:4      | Reached *** piety under Trog
  3352 | D:4      | Reached XP level 7. HP: 42/42 MP: 7/7
  3682 | D:4      | Noticed Pikel
  3701 | D:4      | Killed Pikel
  3701 | D:4      | Reached skill level 5 in Fighting
  3701 | D:4      | Reached skill level 9 in Short Blades
  3701 | D:4      | Reached XP level 8. HP: 49/49 MP: 8/8
  3855 | D:4      | Reached skill level 5 in Dodging
  4122 | D:5      | Entered Level 5 of the Dungeon
  4123 | D:5      | Found a transporter.
  4142 | D:5      | Killed from afar by an electric eel

Skill      XL: |  1  2  3  4  5  6  7  8 |
---------------+-------------------------+-----
Short Blades   | 5 6 7 8 9 |  9.6
Armour         | 2 3 |  3.4
Dodging        | 3 4 5 |  5.0
Fighting       | 5 |  5.2

Action                   |  1- 3 |  4- 6 |  7- 9 || total
-------------------------+-------+-------+-------++-------
Melee: Short sword       |   124 |   202 |    77 ||   403
Invok: Berserk           |     1 |     3 |     3 ||     7
  Use: Potion            |       |     4 |       ||     4
       Scroll            |       |       |     2 ||     2
 Stab: Sleeping          |       |     3 |     1 ||     4
  Eat: Chunk             |    11 |     8 |     2 ||    21
Armor: Animal skin       |     7 |       |       ||     7
       Leather armour    |     3 |    13 |       ||    16
       Ring mail         |       |    23 |     2 ||    25
       Scale mail        |       |       |     9 ||     9
Dodge: Dodged            |    63 |    99 |    33 ||   195
Block: Other             |       |       |     4 ||     4
